 Dungeon Crawl Stone Soup version 0.29.0-4-gdea44cf6ec (webtiles) character file.

Game seed: 4901661911379752171

9 qw the Caller (level 2, -2/23 HPs)
             Began as a Ghoul Summoner on Sept 9, 2022.
             Slain by a quokka (3 damage)
             ... on level 1 of the Dungeon.
             The game lasted 00:00:13 (500 turns).

qw the Caller (Ghoul Summoner)                       Turns: 500, Time: 00:00:14

Health: -2/23      AC:  2    Str: 11    XL:     2   Next: 16%
Magic:  0/3        EV: 12    Int: 10    God:
Gold:   11         SH:  0    Dex:  9    Spells: 3/4 levels left

rFire   . . .      SeeInvis .   c - +0 dagger
rCold   + . .      Faith    .   (no shield)
rNeg    + + +      Spirit   .   a - +0 robe
rPois   inf        Reflect  .   (no helmet)
rElec   .          Harm     .   (no cloak)
rCorr   .          Rampage  .   (no gloves)
Will    .....                   (no boots)
Stlth   ++........              (no amulet)
HPRegen 0.00/turn               (no ring)
MPRegen 0.08/turn               (no ring)

@: inhibited regen
A: claws 1, cold resistance 1, negative energy resistance 3, inhibited
regeneration, torment resistance 2, devour on kill
a: no special abilities


You were on level 1 of the Dungeon.
You visited 1 branch of the dungeon, and saw 1 of its levels.

You collected 11 gold pieces.


Innate Abilities, Weirdness & Mutations

You are immune to poison.
You have sharp fingernails.
Your flesh is cold resistant. (rC+)
You are immune to negative energy. (rN+++)
You do not regenerate when monsters are visible.
You are immune to unholy pain and torment.
You thrive by killing the living.


   Skills:
 - Level 1.0 Fighting
 + Level 1.1 Axes
 - Level 1.7 Dodging
 - Level 2.1 Stealth
 - Level 1.7 Spellcasting
 - Level 3.6 Summonings


You had 3 spell levels left.
You knew the following spells:

 Your Spells              Type           Power      Damage    Failure   Level
a - Summon Small Mammal   Summ           32%        N/A       8%          1

Your spell library contained the following spells:

 Spells                   Type           Power      Damage    Failure   Level
 Call Imp                 Summ           8%         N/A       11%         2
 Call Canine Familiar     Summ           8%         N/A       22%         3
 Summon Guardian Golem    Hex/Summ       4%         N/A       43%         3
 Summon Lightning Spire   Summ/Air       4%         N/A       83%         4

Inventory:

Hand Weapons
 c - a +0 dagger (weapon)
Armour
 a - a +0 robe (worn)
Scrolls
 d - a scroll of enchant weapon {unknown}
Potions
 b - a potion of magic

Dungeon Overview and Level Annotations

Branches:
Dungeon (1/15)

Altars:


Message History

The quokka is moderately wounded.
The quokka misses you.
You hit the quokka but do no damage.
The quokka is moderately wounded.
The quokka barely misses you.
You barely miss the quokka.
The quokka is moderately wounded.
The quokka closely misses you.
You hit the quokka but do no damage.
The quokka is lightly wounded.
The quokka twitches its whiskers.
The quokka misses you.
The quokka bites you but does no damage.
494 ||| CASTING Summon Small Mammal
Casting: Summon Small Mammal (safe; 8% risk of failure)
Confirm with . or Enter, or press ? or * to list all spells.
The quokka barely misses you.
You barely miss the quokka.
The quokka is lightly wounded.
Your bat hits the quokka but does no damage.
The quokka closely misses you.
You barely miss the quokka.
The quokka is lightly wounded.
Your bat hits the quokka but does no damage.
The quokka bites you.
You hit the quokka.
The quokka is heavily wounded.
Your bat misses the quokka. The quokka bites you.
You hit the quokka but do no damage.
The quokka is heavily wounded.
Your bat hits the quokka. The quokka barely misses you.
The quokka bites you but does no damage.
You closely miss the quokka.
The quokka is severely wounded.
Your bat hits the quokka but does no damage.
The quokka barely misses you.
You barely miss the quokka.
The quokka is severely wounded.
The quokka bites you.
You die...

#....###.# #.#
##.#.....# #.#
##.####..# #.#
.....[...# #.#
.#.....#.## #.#
....####..# #.########..
.....#....###...%....b..
######'#.....###.b......
#..##.###....@#......
###'#+#.# #####.r.#####
#..## ..# #...... ##'#+
+#.# #......# <..# #.#
#.####... ##+# #.# #.#
## .. #.# #.#


You could see a quokka (ally target) and 2 friendly bats.

Vanquished Creatures
  2 dart slugs (D:1)
  A giant cockroach (D:1)
  A bat (D:1)
4 creatures vanquished.

Vanquished Creatures (collateral kills)
  A goblin (D:1)
  A bat (D:1)
2 creatures vanquished.

Grand Total: 6 creatures vanquished

Notes
Turn   | Place    | Note
-------+----------+-------------------------------------------
     0 | D:1      | qw the Ghoul Summoner began the quest for the Orb.
     0 | D:1      | Reached XP level 1. HP: 14/14 MP: 2/2
     0 | D:1      | 0 ||| qw: Version: 0.1-a-113-g051387a
     0 | D:1      | 0 ||| qw: Game counter: 6892
     0 | D:1      | 0 ||| qw: Always use a shield: true
     0 | D:1      | 0 ||| qw: God list: Okawaru
     0 | D:1      | 0 ||| qw: Allow faded altars: false
     0 | D:1      | 0 ||| qw: Do Orc after D:15 true
     0 | D:1      | 0 ||| qw: Do second Lair branch before Depths: true
     0 | D:1      | 0 ||| qw: Lair rune preference: random
     0 | D:1      | 0 ||| qw: Plans: Normal
     0 | D:1      | 0 ||| PLANNING D:1-11
    23 | D:1      | 23 ||| CASTING Summon Small Mammal
    24 | D:1      | 24 ||| CASTING Summon Small Mammal
    53 | D:1      | 53 ||| CASTING Summon Small Mammal
    54 | D:1      | 54 ||| CASTING Summon Small Mammal
    79 | D:1      | 79 ||| Wielding weapon +0 dagger.
    96 | D:1      | 96 ||| CASTING Summon Small Mammal
    97 | D:1      | 97 ||| CASTING Summon Small Mammal
   109 | D:1      | Reached skill level 1 in Axes
   159 | D:1      | 159 ||| CASTING Summon Small Mammal
   160 | D:1      | 160 ||| CASTING Summon Small Mammal
   220 | D:1      | 220 ||| CASTING Summon Small Mammal
   221 | D:1      | 221 ||| CASTING Summon Small Mammal
   233 | D:1      | Reached skill level 1 in Fighting
   233 | D:1      | Reached XP level 2. HP: 13/23 MP: 1/3
   408 | D:1      | 408 ||| CASTING Summon Small Mammal
   409 | D:1      | 409 ||| CASTING Summon Small Mammal
   410 | D:1      | 410 ||| CASTING Summon Small Mammal
   420 | D:1      | 420 ||| CASTING Summon Small Mammal
   469 | D:1      | 469 ||| CASTING Summon Small Mammal
   470 | D:1      | 470 ||| CASTING Summon Small Mammal
   471 | D:1      | 471 ||| CASTING Summon Small Mammal
   481 | D:1      | 481 ||| CASTING Summon Small Mammal
   488 | D:1      | HP: 4/23 [quokka (2)]
   494 | D:1      | 494 ||| CASTING Summon Small Mammal
   496 | D:1      | HP: 3/23 [quokka (1)]
   497 | D:1      | HP: 1/23 [quokka (2)]
   500 | D:1      | Slain by a quokka

Levels and vault maps discovered:
D:1:      erik_arrival_triangle_medium, layout_basic, st_stairs_4

Skill      XL: |  1 |
---------------+----+-----
Axes           | 1 |  1.1
Fighting       | 1 |  1.0
Dodging        | |  1.7
Stealth        | |  2.1
Spellcasting   | |  1.7
Summonings     | |  3.6

Action                   || total
-------------------------++-------
Melee: Dagger            ||    40
       Unarmed           ||     3
       Punch             ||     1
 Cast: Summon Small Mamm ||    18
 Stab: Distracted        ||     1
Armor: Robe              ||     7
Dodge: Dodged            ||    29

Table legend:
 A = Non-vault XP
 B = Vault XP
 C = Vault XP percentage of total XP
 D = Non-vault monster count
 E = Vault monster count
 F = Vault count percentage of total count
                 A         B        C        D         E       F
            +---------+---------+-------+---------+---------+-------
      Total |      14 |       0 |   0.0 |       6 |       0 |   0.0
            +---------+---------+-------+---------+---------+-------
        D:1 |      14 |       0 |   0.0 |       6 |       0 |   0.0
            +---------+---------+-------+---------+---------+-------
